 Dungeon Crawl Stone Soup version 0.29.1-4-g47bece8355 (webtiles) character file.

Game seed: 9932596521607319515

130 Anriel the Slasher (level 4, -1/41 HPs)
             Began as a Minotaur Gladiator on Dec 8, 2022.
             Slain by a gnoll
             ... wielding a +0 spear
              (9 damage)
             ... on level 3 of the Dungeon.
             The game lasted 00:10:22 (1971 turns).

Anriel the Slasher (Minotaur Gladiator)             Turns: 1971, Time: 00:10:22

Health: -1/41      AC:  3    Str: 27    XL:     4   Next: 90%
Magic:  3/3        EV: 16    Int:  5    God:
Gold:   949        SH:  0    Dex: 11    Spells: 3/3 levels left

rFire   . . .      SeeInvis .   a - +0 long sword
rCold   . . .      Faith    .   (no shield)
rNeg    . . .      Spirit   .   b - +0 leather armour
rPois   .          Reflect  .   c - +0 hat
rElec   .          Harm     .   (no cloak)
rCorr   .          Rampage  .   (no gloves)
Will    .....                   (no boots)
Stlth   +.........              j - amulet of the acrobat
HPRegen 0.13/turn               g - +4 ring of evasion
MPRegen 0.08/turn               h - +6 ring of strength

@: mighty
A: horns 2, retaliatory headbutt, mutation resistance 1, passive freeze
a: no special abilities


You were on level 3 of the Dungeon.
You visited 1 branch of the dungeon, and saw 3 of its levels.

You collected 949 gold pieces.

Inventory:

Hand Weapons
 a - a +0 long sword (weapon)
Missiles
 d - 3 throwing nets (quivered)
 e - a javelin
Armour
 b - a +0 leather armour (worn)
 c - a +0 hat (worn)
Jewellery
 g - a +4 ring of evasion (left hand)
 h - a +6 ring of strength (right hand)
 j - an amulet of the acrobat (around neck)
 k - a ring of fire
Scrolls
 i - a scroll of noise {unknown}
 m - a scroll of teleportation
 p - a scroll of identify {unknown}
Potions
 n - a potion of curing {unknown}
 o - a potion of lignification {unknown}


   Skills:
 + Level 4.7 Fighting
 + Level 5.4 Long Blades
 - Level 2.0 Throwing
 - Level 3.2 Dodging


You had 3 spell levels left.
You didn't know any spells.
Your spell library contained the following spells:

 Spells                   Type           Power      Damage    Failure   Level
 Foxfire                  Conj/Fire      0%         2x1d4     52%         1
 Conjure Flame            Conj/Fire      0%         6-21      87%         3
 Ignite Poison            Fire/Tmut/Pois 0%         N/A       87%         3
 Inner Flame              Hex/Fire       0%         N/A       87%         3
 Spider Form              Tmut/Pois      0%         N/A       87%         3
 Flame Wave               Conj/Fire      0%         2d4       99%         4
 Freezing Cloud           Conj/Ice/Air   0%         6-21      100%        5
 Simulacrum               Ice/Necr       0%         N/A       100%        6
 Polar Vortex             Ice            0%         N/A       100%        9


Dungeon Overview and Level Annotations

Branches:
Dungeon (3/15)

Altars:


Innate Abilities, Weirdness & Mutations

You have a pair of horns on your head.
You reflexively headbutt those who attack you in melee.
You are somewhat resistant to further mutation.
A frigid envelope surrounds you and freezes all who hurt you.


Message History

Deactivating autopickup; reactivate with Ctrl-A.
The gnoll shoots a sling bullet.
The sling bullet misses you.
The gnoll shoots a sling bullet.
The sling bullet misses you.
The gnoll shoots a sling bullet.
The sling bullet misses you.
You see here the felid corpse of Natasha.
You hit the gnoll. You headbutt the gnoll!
You kill the gnoll!
Found a quarterstaff.
The gnoll completely misses you. Something barely misses you.
You hit the gnoll but do no damage. Something hits you but does no damage.
You hit the gnoll but do no damage. The gnoll hits you but does no damage.
Something closely misses you. The gnoll hits you with a +0 flail.
The gnoll completely misses you.
You slash the gnoll!
The gnoll is heavily wounded.
Something hits you. The gnoll misses you. The gnoll closely misses you.
You slash the gnoll!
You kill the gnoll!
Something barely misses you. The gnoll misses you. Something hits you.
You slash the gnoll!
The gnoll is severely wounded.
The gnoll completely misses you. Something hits you.
You hit the gnoll.
The gnoll is almost dead.
The gnoll hits you with a +0 flail. Something hits you!
* * * LOW HITPOINT WARNING * * *
The gnoll hits you with a +0 flail.
* * * LOW HITPOINT WARNING * * *
Okay, then.
The gnoll attacks as you move away! The gnoll barely misses you.
Okay, then.
It was a potion of mutation.
You feel extremely strange.
Your skin feels very cold.
You feel genetically stable.
It was a potion of might.
You feel very mighty all of a sudden. Something barely misses you.
The gnoll barely misses you.
You slash the gnoll!
You kill the gnoll!
Something hits you!
You die...

#.## #.## . #... #.##
#... .### #..# #. ....
#... #.#
#####)##.#########.#
...##....# #............
.......@.# ###.####.##..
.###~###)### #.####.##..
#.#≈#.#..)# #.##.......
###.#≈#.###.# #.##.#.##..
....#≈#.....###†##.#.##..
##.#≈#.###)....##.#.##..
#.#≈#.#................
###~###........#.......
...{gg......>#.###.#.#.


There were no monsters in sight!

Vanquished Creatures
  Natasha (D:3)
  4 gnolls
  3 adders
  A worm (D:2)
  A dart slug (D:3)
  7 ball pythons
  4 endoplasms
  2 giant cockroaches (D:1)
  5 goblins
  3 hobgoblins (D:1)
  4 quokkas
  4 bats
  3 frilled lizards
  5 kobolds
  4 rats (D:2)
51 creatures vanquished.

Notes
Turn   | Place    | Note
-------+----------+-------------------------------------------
     0 | D:1      | Anriel the Minotaur Gladiator began the quest for the Orb.
     0 | D:1      | Reached XP level 1. HP: 18/18 MP: 0/0
    59 | D:1      | Reached skill level 4 in Long Blades
    59 | D:1      | Reached XP level 2. HP: 26/26 MP: 1/1
   298 | D:1      | Found a faded altar of an unknown god.
   356 | D:1      | Got the Vellum of the Venomous Impact
   392 | D:1      | Reached XP level 3. HP: 21/31 MP: 2/2
  1282 | D:2      | Reached XP level 4. HP: 36/40 MP: 3/3
  1396 | D:2      | Reached skill level 5 in Long Blades
  1637 | D:2      | Identified a scroll of acquirement
  1637 | D:2      | Acquired 781 gold pieces
  1783 | D:3      | Noticed Natasha
  1792 | D:3      | Killed Natasha
  1968 | D:3      | Gained mutation: A frigid envelope surrounds you and
                  | freezes all who hurt you. [potion of mutation]
  1968 | D:3      | Gained mutation: You are somewhat resistant to further
                  | mutation. [potion of mutation]
  1971 | D:3      | Slain by a gnoll

Illustrated notes

Levels and vault maps discovered:
D:1:      elethiomel_arrival_quiet, layout_basic,
          hellmonk_ecumenical_altar_inner_sanctum
D:2:      layout_loops_ring
D:3:      layout_loops_cross, dreamdust_princess_bridge, grunt_decor_cap,
          nicolae_shop_unique_rings, uniq_natasha, uniq_terence

Skill      XL: |  1  2  3  4 |
---------------+-------------+-----
Fighting       | 3 4 |  4.7
Long Blades    | 4 5 |  5.4
Throwing       | |  2.0
Dodging        | |  3.2

Action                   |  1- 3 |  4- 6 || total
-------------------------+-------+-------++-------
Melee: Long sword        |    85 |    25 ||   110
       Headbutt          |    11 |     3 ||    14
       Punch             |     1 |       ||     1
  Use: Scroll            |     2 |     2 ||     4
       Potion            |       |     2 ||     2
Armor: Leather armour    |    20 |     5 ||    25
Dodge: Dodged            |    69 |    26 ||    95
